 Dungeon Crawl Stone Soup version 0.31-a0-841-g038b102fc3 (webtiles) character file.

Game seed: 15184987770799171198

96 Shayle the Trooper (level 4, -1/32 (35) HPs)
             Began as a Demonspawn Reaver on Sept 28, 2023.
             Slain by an orc
             ... wielding a +3 morningstar of draining
              (2 damage)
             ... on level 3 of the Dungeon.
             The game lasted 00:03:56 (2173 turns).

Shayle the Trooper (Demonspawn Reaver)              Turns: 2173, Time: 00:03:57

HP:   -1/32 (35)    AC:  4    Str: 12    XL:     4   Next: 41%
MP:   8/8           EV: 11    Int: 16    God:
Gold: 124           SH:  0    Dex: 12    Spells: 7/8 levels left

rFire   . . .        a - +0 spear
rCold   . . .        (no shield)
rNeg    . . .        b - +0 leather armour
rPois   .            (no helmet)
rElec   .            (no cloak)
rCorr   +            (no gloves)
SInv    +            l - +0 pair of boots
Will    .....        (no amulet)
Stlth   +            c - ring of resist corrosion
HPRegen 0.25/turn    i - ring of see invisible
MPRegen 0.22/turn

%: no passive effects
@: mighty, drained
A: ignite blood 1, magic regeneration
a: no special abilities


You were on level 3 of the Dungeon.
You visited 1 branch of the dungeon, and saw 3 of its levels.

You collected 124 gold pieces.

Inventory:

Hand Weapons
 a - a +0 spear (weapon)
Armour
 b - a +0 leather armour (worn)
 l - a +0 pair of boots (worn)
Jewellery
 c - a ring of resist corrosion (left hand)
 i - a ring of see invisible (right hand)
Scrolls
 d - 5 scrolls of identify {unknown}
 g - a scroll of poison {unknown}
 h - 2 scrolls of enchant armour {unknown}
 j - a scroll of fear {unknown}
Potions
 e - a potion of magic {unknown}
 k - a potion of degeneration {unknown}


   Skills:
 + Level 3.2 Fighting
 - Level 2.6 Polearms
 + Level 1.9 Armour
 - Level 1.7 Dodging
 + Level 2.9 Spellcasting
 - Level 3.0 Conjurations


You had 7 spell levels left.
You knew the following spells:

 Your Spells              Type           Power      Damage    Failure   Level
a - Kiss of Death         Conj/Necr      28%        2d7       13%         1

Your spell library contained the following spells:

 Spells                   Type           Power      Damage    Failure   Level
 Momentum Strike          Conj/Tloc      14%        3d8       21%         2
 Necrotise                Necr           8%         1d4       24%         1
 Ensorcelled Hibernation  Hex/Ice        4%         N/A       36%         2
 Lesser Beckoning         Tloc           4%         N/A       36%         2
 Passwall                 Tmut/Erth      1%         N/A       36%         2
 Hailstorm                Conj/Ice       7%         3d4       36%         3
 Gell's Gravitas          Tloc           2%         N/A       58%         3
 Swiftness                Air            2%         N/A       58%         3
 Teleport Other           Tloc           2%         N/A       58%         3
 Vampiric Draining        Necr           2%         2d6       58%         3
 Agony                    Necr           2%         N/A       100%        5


Dungeon Overview and Level Annotations

Branches:
Dungeon (3/15)

Altars:


Innate Abilities, Weirdness & Mutations

Your demonic aura sometimes causes spilled blood to erupt in flames.
You regenerate magic rapidly.


Message History

You feel a strong urge to attack something.
You are no longer berserk.
You are exhausted.
You feel yourself slow down.
You start resting.
You feel yourself speed up.
You start resting.
You recover from your berserk rage.
You start resting.
HP restored.
Found a scroll labelled XERGHUP OMM.
You now have 124 gold pieces (gained 9).
j - a scroll labelled XERGHUP OMM
Found a stone staircase leading down.
You see here a +1 ring mail of poison resistance.
Found a stone staircase leading down.
No target in view!
An orc comes into view.
It is wielding a +3 morningstar of draining.
The orc shouts!
You hit the orc.
The orc is lightly wounded.
The orc hits you with a +3 morningstar of draining.
You feel drained.
An orc is nearby!
You hit the orc.
The orc is heavily wounded.
The orc hits you with a +3 morningstar of draining!
You feel drained.
An orc is nearby!
You are too injured to fight recklessly!
You hit the orc but do no damage.
The orc is heavily wounded.
The orc barely misses you.
An endoplasm comes into view.
It was a potion of might.
You feel very mighty all of a sudden.
The orc hits you with a +3 morningstar of draining!
* * * LOW HITPOINT WARNING * * *
You feel drained.
You die... ######################## ................@>...... #################o###### .# .# .# .# .# .J

You could see an orc and an endoplasm.

Vanquished Creatures
  4 adders
  A worm (D:2)
  An orc (D:2)
  4 endoplasms
  2 giant cockroaches
  9 hobgoblins
  8 kobolds
  2 quokkas
  4 ball pythons
  8 bats
  2 frilled lizards
  5 rats
50 creatures vanquished.

Notes
Turn   | Place    | Note
-------+----------+-------------------------------------------
     0 | D:1      | Shayle the Demonspawn Reaver began the quest for the Orb.
     0 | D:1      | Reached XP level 1. HP: 16/16 MP: 3/3
   111 | D:1      | Gained mutation: You regenerate magic rapidly. [demonic
                  | ancestry]
   111 | D:1      | Reached XP level 2. HP: 22/22 MP: 5/5
   514 | D:1      | Reached skill level 1 in Armour
   803 | D:1      | Gained mutation: Your demonic aura sometimes causes spilled
                  | blood to erupt in flames. [demonic ancestry]
   803 | D:1      | Reached XP level 3. HP: 28/28 MP: 6/6
  1585 | D:2      | Reached XP level 4. HP: 26/35 MP: 8/8
  2173 | D:3      | HP: 1/33 [orc/+3 morningstar of draining (11)]
  2173 | D:3      | Slain by an orc

Illustrated notes

Levels and vault maps discovered:
D:1:      spicycebolla_green_bress_n_ham_2, layout_basic, dk_noncrumbling_4
D:2:      minmay_chambers_of_ones, layout_loops_ring, nicolae_figureground_pulse
D:3:      layout_basic, grunt_dithmenos_smoke, guppyfry_early_lair_pool,
          uniq_natasha

Skill      XL: |  1  2  3 |
---------------+----------+-----
Armour         | 1 |  1.9
Fighting       | 3 |  3.2
Polearms       | |  2.6
Dodging        | |  1.7
Spellcasting   | |  2.9
Conjurations   | |  3.0

Action                     |  1- 3 |  4- 6 || total
---------------------------+-------+-------++-------
  Melee: Spear             |   161 |    52 ||   213
         Punch             |     2 |       ||     2
    Use: Potion            |       |     2 ||     2
 Armour: Leather armour    |    76 |    38 ||   114
  Dodge: Dodged            |    84 |    31 ||   115

Table legend: (Time is in decaauts)
 A = Elapsed time spent in this place.
 B = Non-inter-level travel time spent in this place.
 C = Inter-level travel time spent in this place.
 D = Time resting spent in this place.
 E = Time spent auto-exploring this place.
 F = Levels seen in this place.
 G = Mean time per level.
                   A        B        C        D        E       F      G
               +--------+--------+--------+--------+--------+-----+--------+
         Total |   2173 |   2111 |     62 |    139 |   1511 |   3 |  724.3 |
       Dungeon |   2173 |   2111 |     62 |    139 |   1511 |   3 |  724.3 |
               +--------+--------+--------+--------+--------+-----+--------+

Top non-repeatable levels by time:
     D:1: 1003 daAuts
     D:2: 981 daAuts
     D:3: 188 daAuts
